Map: Cañón atribulado

Players

TATORREA - Winner!

  • Race: Protoss Protoss
  • League: Silver
  • Spawn Location: 12:00

MrFercho - Winner!

  • Race: Zerg Zerg
  • League: Silver
  • Spawn Location: 12:00

tigro - Winner!

  • Race: Terran Terran
  • League: Bronze
  • Spawn Location: 3:00

Darklight

  • Race: Protoss Protoss
  • Spawn Location: 6:00

selion

  • Race: Protoss Protoss
  • Spawn Location: 6:00

PlayerJuan

  • Race: Protoss Protoss
  • Spawn Location: 7:00

VOD

Have the link to the VOD?

Description

Time

  • Played on: May 25, 2020, 9:26 p.m.
  • Length: 1:16
Show
View Real Time Build Order
Export as new Build Order

TATORREA Protoss - Winner!

Build Orders:  

Get SALT Encoding   

  12  0:03  Probe  
  13  0:20  Probe  
  14  0:21  Pylon  
  14  0:32  Probe  
  15  0:45  Gateway  
  15  0:46  Probe  
  15  0:48  Assimilator  
  16  0:58  Probe  
Show
View Real Time Build Order
Export as new Build Order

MrFercho Zerg - Winner!

Build Orders:  

Get SALT Encoding   

  12  0:02  Drone  
  13  0:15  Overlord  
  13  0:18  Drone  
  14  0:34  Drone  
  16  0:35  Drone  
  16  0:39  Drone  
  17  0:48  Drone  
  18  0:59  Drone  
Show
View Real Time Build Order
Export as new Build Order

tigro Terran - Winner!

Build Orders:  

Get SALT Encoding   

  12  0:02  SCV  
  13  0:14  SCV  
  14  0:21  Supply Depot  
  14  0:26  SCV  
  15  0:37  Refinery  
  15  0:43  SCV  
  16  0:56  Barracks  
Show
View Real Time Build Order
Export as new Build Order

Darklight Protoss 

Build Orders:  

Get SALT Encoding   

  12  1:01  Probe  
Show
View Real Time Build Order
Export as new Build Order

selion Protoss 

Build Orders:  

Get SALT Encoding   

Show
View Real Time Build Order
Export as new Build Order

PlayerJuan Protoss 

Build Orders:  

Get SALT Encoding   

  12  0:21  Pylon  
Tags
 
Add a new tag
Caveats
  • Supply blocks, unpowered buildings, or Contaminate may cause inaccurate times.
  • Supply counts are checked every 10 seconds.